 Dungeon Crawl Stone Soup version 0.30-a0-462-gd5975efbca (webtiles) character file.

Game seed: 4569355205078786906

53 tsouns the Chopper (level 3, -3/20 (30) HPs)
             Began as a Hill Orc Reaver on Dec 16, 2022.
             Slain by a gnoll
             ... wielding a +0 spear
              (5 damage)
             ... on level 2 of the Dungeon.
             The game lasted 00:02:01 (1267 turns).

tsouns the Chopper (Hill Orc Reaver)                Turns: 1267, Time: 00:02:01

HP:   -3/20 (30)    AC:  3    Str: 14    XL:     3   Next: 87%
MP:   3/5           EV: 11    Int: 15    God:
Gold: 57            SH:  0    Dex:  9    Spells: 2/5 levels left

rFire   . . .      SeeInvis .    a - +0 hand axe
rCold   . . .      Faith    .    (no shield)
rNeg    . . .      Spirit   .    b - +0 leather armour
rPois   .          Reflect  .    (no helmet)
rElec   .          Harm     .    (no cloak)
rCorr   .          Rampage  .    (no gloves)
Will    .....                    (no boots)
Stlth   +.........               (no amulet)
HPRegen 0.23/turn                (no ring)
MPRegen 0.09/turn                (no ring)

@: very slightly contaminated, very heavily drained
A: no striking features
a: no special abilities


You were on level 2 of the Dungeon.
You visited 1 branch of the dungeon, and saw 2 of its levels.

You collected 57 gold pieces.

Inventory:

Hand Weapons
 a - a +0 hand axe (weapon)
 f - a +0 short sword of venom
Armour
 b - a +0 leather armour (worn)
Scrolls
 d - a scroll of blinking {unknown}
 e - a scroll of fog {unknown}
Potions
 c - a potion of lignification {unknown}


   Skills:
 + Level 2.8 Fighting
 + Level 4.8 Axes
 + Level 1.8 Armour
 + Level 1.6 Dodging
 + Level 1.7 Spellcasting
 + Level 3.3 Conjurations


You had 2 spell levels left.
You knew the following spells:

 Your Spells              Type           Power      Damage    Failure   Level
a - Kiss of Death         Conj/Necr      24%        2d7       14%         1
b - Momentum Strike       Conj/Tloc      12%        3d8       22%         2

Your spell library contained the following spells:

 Spells                   Type           Power      Damage    Failure   Level
 Hailstorm                Conj/Ice       6%         3d4       38%         3


Dungeon Overview and Level Annotations

Branches:
Dungeon (2/15)

Altars:


Message History

The gnoll attacks as you move away! The gnoll hits you with a +0 flail!
The gnoll attacks as you move away! The gnoll misses you.
Casting: Kiss of Death (safe; 14% risk of failure)
Confirm with . or Enter, or press ? or * to list all spells.
Aiming: Kiss of Death (safe; 14% risk of failure)
Press: ? - help, Shift-Dir - straight line, f - gnoll
Aim: a gnoll, wielding a +0 flail and wearing a +0 robe (moderately wounded, 100% to hit)
The negative energy hits the gnoll!
The gnoll is drained!
You kill the gnoll!
You feel drained.
The gnoll hits you from afar with a +0 spear.
Things that are here:
a +0 dagger; a jackal corpse
Casting: Kiss of Death (safe; 14% risk of failure)
Confirm with . or Enter, or press ? or * to list all spells.
Aiming: Kiss of Death (safe; 14% risk of failure)
Press: ? - help, Shift-Dir - straight line, f - gnoll
Aim: a gnoll, wielding a +0 spear (100% to hit)
You miscast Kiss of Death.
You are very lightly contaminated with residual magic.
Nothing appears to happen.
The gnoll closely misses you. The gnoll barely misses you.
Casting: Kiss of Death (safe; 14% risk of failure)
Confirm with . or Enter, or press ? or * to list all spells.
Aiming: Kiss of Death (safe; 14% risk of failure)
Press: ? - help, Shift-Dir - straight line, f/p - gnoll
Aim: a gnoll, wielding a +0 spear (100% to hit)
The negative energy hits the gnoll!
The gnoll is drained!
The gnoll is almost dead.
You feel drained. The gnoll hits you but does no damage.
The gnoll hits you with a +0 spear.
You hit the gnoll but do no damage.
The gnoll is almost dead.
The gnoll closely misses you. The gnoll hits you with a +0 spear.
You closely miss the gnoll.
The gnoll is almost dead.
The gnoll hits you from afar with a +0 spear.
* * * LOW HITPOINT WARNING * * *
The gnoll hits you with a +0 spear.
You die...

. #.##.[...#
#.########
#########.#
..........#
########..### .##
#....#######..##
#.##g#..........
#.##g#.######.##
#.##.#@# #.#
#...gg.#
##.#####.#
####.###
#....h.h.#
#.#######..#
#.....h....#
#..........####.#
#.########.# #.#
#.# ..# #.# ###


You could see 2 gnolls.

Vanquished Creatures
  A gnoll (D:2)
  A dart slug (D:1)
  3 ball pythons (D:1)
  A bat (D:1)
  6 endoplasms
  5 hobgoblins (D:1)
  3 jackals (D:2)
  7 kobolds
  5 frilled lizards (D:1)
  4 goblins
  2 rats (D:1)
38 creatures vanquished.

Vanquished Creatures (others)
  12 plants (D:1)
12 creatures vanquished.

Grand Total: 50 creatures vanquished

Notes
Turn   | Place    | Note
-------+----------+-------------------------------------------
     0 | D:1      | tsouns the Hill Orc Reaver began the quest for the Orb.
     0 | D:1      | Reached XP level 1. HP: 18/18 MP: 3/3
    48 | D:1      | Reached XP level 2. HP: 17/25 MP: 4/4
   352 | D:1      | Reached skill level 1 in Armour
   427 | D:1      | Reached XP level 3. HP: 25/27 MP: 5/5
   430 | D:1      | Learned a level 2 spell: Momentum Strike
  1267 | D:2      | Slain by a gnoll

Illustrated notes

Levels and vault maps discovered:
D:1:      reono_arrival_forest_river, layout_loops_ring, serial_bayou_lagoon_a
D:2:      layout_loops_ring, uniq_jessica

Skill      XL: |  1  2 |
---------------+-------+-----
Armour         | 1 |  1.8
Fighting       | |  2.8
Axes           | |  4.8
Dodging        | |  1.6
Spellcasting   | |  1.7
Conjurations   | |  3.3

Action                   || total
-------------------------++-------
Melee: Hand axe          ||   154
       Punch             ||     1
 Cast: Kiss of Death     ||     3
Armor: Leather armour    ||    29
Dodge: Dodged            ||    87

Table legend: (Time is in decaauts)
 A = Elapsed time spent in this place.
 B = Non-inter-level travel time spent in this place.
 C = Inter-level travel time spent in this place.
 D = Time resting spent in this place.
 E = Time spent auto-exploring this place.
 F = Levels seen in this place.
 G = Mean time per level.
                   A        B        C        D        E       F      G
               +--------+--------+--------+--------+--------+-----+--------+
         Total |   1290 |   1262 |     28 |      0 |    938 |   2 |  645.0 |
       Dungeon |   1290 |   1262 |     28 |      0 |    938 |   2 |  645.0 |
               +--------+--------+--------+--------+--------+-----+--------+

Top non-repeatable levels by time:
     D:1: 1006 daAuts
     D:2: 283 daAuts
